 Dungeon Crawl Stone Soup version 0.17-a0-1575-g9a29ec8 (webtiles) character file.

270 urechis the Cudgeler (level 6, -1/67 HPs)
             Began as an Ogre Fighter on July 26, 2015.
             Slain by an ogre
             ... wielding a +0 giant club
              (26 damage)
             ... on level 4 of the Dungeon.
             The game lasted 00:05:10 (3757 turns).

urechis the Cudgeler (Ogre Fighter)                 Turns: 3757, Time: 00:05:10

Health: -1/67      AC:  3    Str: 22    XL:     6   Next: 22%
Magic:  6/6        EV:  8    Int:  7    God:
Gold:   213        SH:  8    Dex: 11    Spells: 0 memorised, 5 levels left

rFire  . . .     SeeInvis .     a - +0 flail
rCold  . . .     Clarity  .     m - +0 robe
rNeg   . . .     SustAt   .     c - +0 shield
rPois  .         Gourm    .     (helmet restricted)
rElec  .         Spirit   .     (no cloak)
rCorr  .         Warding  .     (gloves unavailable)
rMut   .         Stasis   .     (boots unavailable)
MR     .....                    (no amulet)
Stlth  +.........               (no ring)
                                (no ring)

@: not resistant to hostile enchantments, very unstealthy
A: unfitting armour, tough skin 1
a: no special abilities


You were on level 4 of the Dungeon.
You were not hungry.

You visited 1 branch of the dungeon, and saw 4 of its levels.

You collected 213 gold pieces.

Inventory:

Hand weapons
 a - a +0 flail (weapon)
 b - a +0 blowgun
Missiles
 n - 11 poisoned needles
Armour
 c - a +0 shield (worn)
 m - a +0 robe (worn)
Scrolls
 f - a scroll of fear
 k - a scroll of blinking
 l - 3 scrolls of remove curse
Potions
 e - a potion of might
 g - a potion of flight
 i - 6 potions of curing
Comestibles
 d - 8 bread rations
 h - 2 meat rations


   Skills:
 + Level 5.7 Fighting
 * Level 7.3 Maces & Flails
 - Level 2.6 Dodging
 - Level 2.6 Shields


You had 5 spell levels left.
You didn't know any spells.

Dungeon Overview and Level Annotations

Branches:
Dungeon (4/15)
 Temple: D:4-7

Altars:
Fedhas
Vehumet


Innate Abilities, Weirdness & Mutations

You are too large for most types of armour.
You have tough skin (AC +1).


Message History

You block the iguana's attack. The ogre hits you with a giant club!!
* * * LOW HITPOINT WARNING * * *
You are too injured to fight recklessly!
You are too injured to fight recklessly!
You are too injured to fight recklessly!
You are too injured to fight recklessly!
The phantom blinks!
The phantom blinks!
You closely miss the ogre. The ogre closely misses you.
You hit the ogre but do no damage. You block the ogre's attack.
You sock the ogre!
The ogre is moderately wounded.
You block the ogre's attack.
You barely miss the ogre.
The ogre is moderately wounded.
The ogre completely misses you.
You barely miss the ogre.
The ogre is moderately wounded.
The ogre hits you with a giant club!!
You die...

##.#.## #.# #..
....[.# #.# ##.
##.#..###### #.# #)
##.........# ##.#
#.
####..####.#####..#
#. ####..#
#........# ####<
##....# #######.##
#.... ##.##.# #.#
#.### ##.##.# #@#
#.# # ##.##.## #O#
#.# # ...)...# #l#
#.# # .......# #O#
#.# # ##.##..# #.#
#.# # #.##..## #W#
#.# #......# #.#
#.### ####...# #.#
#.)..
#####...########.#
#####


You could see a phantom, 2 ogres and an iguana.

Vanquished Creatures
  A scorpion (D:4)
  2 orc priests
  An orc wizard (D:4)
  A river rat (D:3)
  2 adders
  3 oozes
  4 worms
  7 orcs
  A ball python (D:2)
  4 bats
  4 giant cockroaches
  10 hobgoblins
  4 jackals
  8 kobolds
  A giant gecko (D:2)
  4 giant newts
  11 goblins
  6 rats
74 creatures vanquished.

Notes
Turn   | Place    | Note
--------------------------------------------------------------
     0 | D:1      | urechis the Ogre Fighter began the quest for the Orb.
     0 | D:1      | Reached XP level 1. HP: 24/24 MP: 1/1
   275 | D:1      | Reached XP level 2. HP: 30/33 MP: 2/2
  1074 | D:2      | Reached XP level 3. HP: 40/40 MP: 3/3
  1447 | D:2      | Found a blossoming altar of Fedhas.
  1615 | D:2      | Found a faded altar to an unknown god.
  1882 | D:2      | Reached skill level 5 in Maces & Flails
  1882 | D:2      | Reached XP level 4. HP: 47/49 MP: 4/4
  2525 | D:3      | Reached XP level 5. HP: 38/55 MP: 5/5
  2535 | D:3      | Reached skill level 6 in Maces & Flails
  2585 | D:3      | Found a radiant altar of Vehumet.
  2706 | D:3      | Reached skill level 5 in Fighting
  3201 | D:4      | HP: 1/57 [orc/hand axe (5)]
  3504 | D:4      | Reached skill level 7 in Maces & Flails
  3619 | D:4      | Reached XP level 6. HP: 31/67 MP: 6/6
  3729 | D:4      | Noticed a phantom
  3729 | D:4      | Noticed an ogre
  3730 | D:4      | Noticed an ogre
  3757 | D:4      | Slain by an ogre

Vault maps used:
D:1:      nicolae_arrival_washed_ashore
D:2:      mumra_celtic_spiral_tile, ecumenical_altar_1, fedhas_altar_1
D:3:      fiery_altar_vehumet, first_bread, portal_sewer_entry_b
D:4:      gammafunk_temple_overflow_statue, grunt_tough_drop

Action                   |  1- 3 |  4- 6 || total
-------------------------+-------+-------++-------
Melee: Flail             |   117 |   160 ||   277
  Use: Potion            |       |     2 ||     2
       Scroll            |       |     8 ||     8
 Stab: Sleeping          |     2 |     1 ||     3
  Eat: Chunk             |     3 |     3 ||     6
       Bread ration      |       |     1 ||     1
